 Dungeon Crawl Stone Soup version 0.22.0-38-g04b72b8c25 (webtiles) character file.

2290 Erymatos the Cleaver (level 9, -6/79 HPs)
             Began as a Minotaur Berserker on Aug 27, 2018.
             Was an Elder of Trog.
             Mangled by an orc warrior
             ... wielding a +0 trident
              (11 damage)
             ... on level 7 of the Dungeon.
             The game lasted 00:13:25 (4130 turns).

Erymatos the Cleaver (Minotaur Berserker)           Turns: 4130, Time: 00:13:27

Health: -6/79      AC:  7    Str: 28    XL:     9   Next: 17%
Magic:  0/17       EV: 13    Int:  7    God:    Trog [****..]
Gold:   269        SH:  0    Dex: 11    Spells: 8/8 levels left

rFire    . . .     SeeInvis .   z - +9 dagger of Quantum Leap {pain, *Slow MP+9 Str+4 Int+3}
rCold    . . .     Gourm    .   (no shield)
rNeg     + . .     Faith    .   s - +0 ring mail {rPois}
rPois    +         Spirit   +   r - +1 hat
rElec    .         Reflect  .   v - scarf {Spirit}
rCorr    .         Harm     .   (no gloves)
MR       +++..                  (no boots)
Stlth    +.........             (no amulet)
HPRegen  1.23/turn              g - ring of positive energy
MPRegen  0.15/turn              y - ring of protection from magic

@: berserk cooldown, regenerating, slowed, very slow
A: retaliatory headbutt, horns 2
a: Berserk, Trog's Hand, Brothers in Arms, Renounce Religion


You were on level 7 of the Dungeon.
You worshipped Trog.
Trog was greatly pleased with you.
You were very hungry.

You visited 1 branch of the dungeon, and saw 7 of its levels.

You collected 269 gold pieces.

Inventory:

Hand Weapons
 a - a +1 hand axe
 z - the +9 dagger of Quantum Leap (weapon) {pain, *Slow MP+9 Str+4 Int+3}
   (You found it on level 5 of the Dungeon)

   In the hands of one skilled in necromantic magic, it inflicts extra damage on
   living creatures.
   It affects your strength (+4).
   It affects your intelligence (+3).
   It affects your magic capacity (+9).
   It may slow you when you take damage.
Armour
 r - a +1 hat (worn)
 s - a +0 ring mail of poison resistance (worn)
 v - a scarf of spirit shield (worn)
Jewellery
 g - a ring of positive energy (left hand)
 t - an uncursed ring of poison resistance
 y - a ring of protection from magic (right hand)
 D - an uncursed ring of fire
Scrolls
 f - 2 scrolls of random uselessness
 j - 5 scrolls of teleportation
 m - 2 scrolls of fear
 n - a scroll of enchant armour
 p - 2 scrolls of enchant weapon
 x - 3 scrolls of fog
 A - a scroll of amnesia {unknown}
 C - 2 scrolls of blinking
Potions
 b - 5 potions of curing {unknown}
 e - 3 potions of mutation {unknown}
 i - 3 potions of lignification {unknown}
 k - a potion of heal wounds {unknown}
 l - 4 potions of degeneration {unknown}
 o - a potion of brilliance {unknown}
 w - 2 potions of magic {unknown}
 B - a potion of agility {unknown}
 E - 2 potions of invisibility {unknown}
Comestibles
 c - 14 rations


   Skills:
 + Level 7.5 Fighting
 + Level 9.6 Axes
 + Level 8.3 Armour
 + Level 5.2 Dodging


You had 8 spell levels left.
You didn't know any spells.
Your spell library was empty.

Dungeon Overview and Level Annotations

Branches:
Dungeon (7/15)             Temple (0/1) D:6

Altars:
Fedhas
Hepliaklqana
Kikubaaqudgha
Trog
The Shining One


Innate Abilities, Weirdness & Mutations

You reflexively headbutt those who attack you in melee.
You have a pair of horns on your head.


Message History

The orc warrior hits you with a trident.
* * * LOW HITPOINT WARNING * * *
You barely miss the orc warrior.
The orc warrior is moderately wounded.
The orc barely misses you.
The orc warrior hits you with a trident.
* * * LOW HITPOINT WARNING * * *
The orc hits you but does no damage.
Unknown command.
You hit the orc warrior. Your headbutt misses the orc warrior.
The orc warrior is moderately wounded.
The orc warrior closely misses you. The orc hits you with a club.
* * * LOW HITPOINT WARNING * * *
Your skin crawls.
You feel resistant to hostile enchantments.
You feel somewhat more hungry.
You feel the effects of Trog's Hand fading.
The orc warrior completely misses you. The orc hits you but does no damage.
The orc warrior hits you with a trident!
You die...

#..##......#
#..........#
#...)......#
.#..........#
.......##'###
.......##.#
.......##.#
..>..#o##)#
.##..o@o[#
.......[.$#
#(#.....#.#
#.......#
##.##.### ##
#.# ###


You could see an orc warrior, an orc wizard and an orc.

Vanquished Creatures
  Harold (D:7)
  Eustachio (D:4)
  Duvessa (D:5)
  A phantom (D:4)
  A necrophage (D:6)
  2 ogres
  A centaur (D:6)
  2 bullfrogs (D:6)
  Dowan (D:5)
  2 scorpions (D:6)
  3 wights (D:6)
  A centaur zombie (D:6)
  2 orc priests
  3 hounds
  Jessica (D:2)
  2 iguanas (D:6)
  4 worker ants
  An orc wizard (D:6)
  An adder (D:3)
  A howler monkey skeleton (D:6)
  An ooze (D:5)
  A worm (D:3)
  2 dart slugs (D:1)
  2 leopard geckos
  11 orcs
  4 giant cockroaches
  10 goblins
  4 hobgoblins (D:1)
  6 jackals
  9 kobolds
  5 quokkas
  3 ball pythons
  14 bats
  2 frilled lizards (D:2)
  A leopard gecko skeleton (D:4)
  A leopard gecko zombie (D:4)
  A quokka zombie (D:6)
  10 rats
119 creatures vanquished.

Vanquished Creatures (others)
  An orc wizard (D:7)
1 creature vanquished.

Grand Total: 120 creatures vanquished

Notes
Turn   | Place    | Note
-------+----------+-------------------------------------------
     0 | D:1      | Erymatos the Minotaur Berserker began the quest for the Orb.
     0 | D:1      | Reached XP level 1. HP: 19/19 MP: 0/0
   158 | D:1      | Reached XP level 2. HP: 26/27 MP: 1/1
   223 | D:1      | Reached skill level 4 in Axes
   441 | D:1      | Reached XP level 3. HP: 33/33 MP: 2/2
   650 | D:2      | Reached ** piety under Trog
   857 | D:2      | Noticed Jessica
   864 | D:2      | Killed Jessica
   864 | D:2      | Reached XP level 4. HP: 41/41 MP: 3/3
   872 | D:2      | Identified Jessica's Volume of Necromancy
  1629 | D:3      | Found a transporter.
  1651 | D:3      | Found a transporter.
  1689 | D:3      | Reached skill level 5 in Axes
  2507 | D:4      | Noticed Eustachio
  2516 | D:4      | Killed Eustachio
  2516 | D:4      | Reached skill level 5 in Fighting
  2516 | D:4      | Reached skill level 6 in Axes
  2516 | D:4      | Reached XP level 5. HP: 48/48 MP: 4/4
  2566 | D:4      | Reached *** piety under Trog
  2682 | D:4      | Noticed a phantom
  2701 | D:4      | Killed a phantom
  2701 | D:4      | Reached XP level 6. HP: 43/56 MP: 5/5
  2922 | D:5      | Entered Level 5 of the Dungeon
  3033 | D:5      | Got a dazzling dagger
  3034 | D:5      | Identified the +9 dagger of Quantum Leap {pain, *Slow MP+9 Str+4 Int+3} (You found it on level 5 of the Dungeon)
  3112 | D:5      | Noticed Dowan
  3113 | D:5      | Noticed Duvessa
  3120 | D:5      | Killed Duvessa
  3120 | D:5      | Reached skill level 7 in Axes
  3120 | D:5      | Reached XP level 7. HP: 61/61 MP: 6/6
  3123 | D:5      | Killed Dowan
  3123 | D:5      | Reached skill level 5 in Armour
  3435 | D:6      | Found an ancient bone altar of Kikubaaqudgha.
  3437 | D:6      | Found a bloodstained altar of Trog.
  3438 | D:6      | Found a hazy altar of Hepliaklqana.
  3438 | D:6      | Found a glowing golden altar of the Shining One.
  3439 | D:6      | Found a blossoming altar of Fedhas.
  3474 | D:6      | Reached skill level 8 in Axes
  3683 | D:6      | Found a staircase to the Ecumenical Temple.
  3692 | D:6      | Reached XP level 8. HP: 70/70 MP: 7/7
  3854 | D:6      | Reached skill level 9 in Axes
  4110 | D:7      | Noticed Harold
  4110 | D:7      | Reached **** piety under Trog
  4123 | D:7      | Killed Harold
  4123 | D:7      | Reached skill level 5 in Dodging
  4123 | D:7      | Reached XP level 9. HP: 26/79 MP: 5/8
  4130 | D:7      | Mangled by an orc warrior

Skill      XL: |  1  2  3  4  5  6  7  8 |
---------------+-------------------------+-----
Fighting       | 4 5 6 7 |  7.5
Axes           | 4 6 7 8 9 |  9.6
Dodging        | 3 4 5 |  5.2
Armour         | 3 4 6 8 |  8.3

Action                   |  1- 3 |  4- 6 |  7- 9 || total
-------------------------+-------+-------+-------++-------
Melee: Hand axe          |    72 |   116 |       ||   188
       Headbutt          |    13 |    16 |    16 ||    45
       Dagger            |       |     8 |    87 ||    95
Invok: Berserk           |     1 |     4 |     3 ||     8
       Trog's Hand       |       |       |     1 ||     1
  Use: Scroll            |       |       |     9 ||     9
  Eat: Chunk             |       |     4 |     2 ||     6
       Ration            |       |     2 |     1 ||     3
Armor: Animal skin       |    13 |       |       ||    13
       Scale mail        |    17 |    41 |    17 ||    75
       Ring mail         |       |       |     6 ||     6
Dodge: Dodged            |    60 |    74 |    50 ||   184
